 Dungeon Crawl Stone Soup version 0.22.1-1-ga44c0e5 (webtiles) character file.

1603 Stepladder the Nimble (level 8, -3/64 HPs)
             Began as a Merfolk Gladiator on Sept 23, 2018.
             Was a Believer of Okawaru.
             Slain by a red ugly thing (10 damage)
             ... on level 6 of the Dungeon.
             The game lasted 00:21:25 (6336 turns).

Stepladder the Nimble (Merfolk Gladiator)           Turns: 6336, Time: 00:21:25

Health: -3/64      AC:  6    Str: 16    XL:     8   Next: 94%
Magic:  10/10      EV: 16    Int:  8    God:    Okawaru [**....]
Gold:   317        SH:  0    Dex: 15    Spells: 7/7 levels left

rFire    . . .     SeeInvis .   a - +0 long sword
rCold    + . .     Gourm    .   (no shield)
rNeg     . . .     Faith    .   o - +0 ring mail
rPois    .         Spirit   .   c - +0 helmet
rElec    .         Reflect  .   (no cloak)
rCorr    .         Harm     .   (no gloves)
MR       +....                  (no boots)
Stlth    ++........             (no amulet)
HPRegen  0.20/turn              d - ring of protection from magic
MPRegen  0.12/turn              w - ring of protection from cold

@: no status effects
A: change form in water, swift swim, stealthy swim
a: Heroism, Renounce Religion


You were on level 6 of the Dungeon.
You worshipped Okawaru.
Okawaru was pleased with you.
You were hungry.

You visited 1 branch of the dungeon, and saw 6 of its levels.
You also visited: Sewer.

You collected 317 gold pieces.

Inventory:

Hand Weapons
 a - a +0 long sword (weapon)
 k - a +0 spear of freezing
 m - a +0 hunting sling
Missiles
 i - a throwing net
 y - 5 tomahawks
 A - 4 javelins of returning (quivered)
 C - 12 sling bullets
Armour
 c - a +0 helmet (worn)
 o - a +0 ring mail (worn)
 D - a +0 scale mail
Jewellery
 d - a ring of protection from magic (left hand)
 w - a ring of protection from cold (right hand)
Wands
 j - a wand of polymorph (16)
 s - a wand of digging (19)
 E - a wand of random effects (30)
 F - a wand of iceblast (17)
Scrolls
 b - 3 scrolls of identify {unknown}
 g - a scroll of blinking {unknown}
 u - 2 scrolls of remove curse
 z - a scroll of enchant weapon {unknown}
 B - a scroll of enchant armour {unknown}
Potions
 h - 2 potions of curing
 l - a potion of agility
 n - 3 potions of heal wounds {unknown}
 p - a potion of cancellation {unknown}
 q - a potion of ambrosia {unknown}
 r - a potion of resistance {unknown}
 t - a potion of lignification {unknown}
 v - a potion of flight {unknown}
 x - 2 potions of haste {unknown}
 H - a potion of magic {unknown}
Comestibles
 f - 8 rations


   Skills:
 + Level 6.2 Fighting
 + Level 6.8 Long Blades
 - Level 2.0 Throwing
 + Level 8.2 Dodging
 + Level 5.0 Stealth
 - Level 3.5 Invocations


You had 7 spell levels left.
You didn't know any spells.
Your spell library contained the following spells:

 Spells                   Type           Power        Failure   Level  Hunger
 Freeze                   Ice            #...         63%         1    ##.....
 Throw Frost              Conj/Ice       #.....       77%         2    ###....
 Ozocubu's Armour         Chrm/Ice       #.......     94%         3    ####...
 Summon Ice Beast         Ice/Summ       #.......     100%        4    #####..
 Throw Icicle             Conj/Ice       #.......     100%        4    #####..


Dungeon Overview and Level Annotations

Branches:
Dungeon (6/15)
 Temple: D:4-7

Altars:
Cheibriados
Dithmenos
Fedhas
Kikubaaqudgha
Okawaru
Ru
Trog
Xom


Message History

As you open the door, it creaks loudly!
A red ugly thing comes into view.
Found 11 gold pieces.
There is an open door here.
You close the door.
A red ugly thing opens the door.
Throwing (i - inventory. (/) - cycle)
A - 4 javelins of returning (quivered)
Press: ? - help, Shift-Dir - straight line, f - red ugly thing
Aim: a red ugly thing You throw a javelin of returning.
The javelin of returning hits the red ugly thing but does no damage.
The javelin of returning returns to your pack!
You barely miss the red ugly thing. The red ugly thing closely misses you.
You riposte.
You barely miss the red ugly thing.
You hit the red ugly thing but do no damage.
The red ugly thing pecks you!
You are engulfed in flames!!
The red ugly thing pecks you!
You are engulfed in flames!!
* * * LOW HITPOINT WARNING * * *
You closely miss the red ugly thing. The red ugly thing pecks you!
You die...

K........# #####..#
### ########
#..##..###.###..##..#
....#..p............#
..(.#...............#
...##..##..##...##..#
...##..##..##...##..#
...##......#....#####
....)..##..##...@u..#
...##..######...##..#
...######..#######..#
...#........# #'##
..p##..###+## #...#
...##..#....# #...#
....<..#....# #...#
.......#....# ##.$#
.......#....# ...#


You could see a red ugly thing.

Vanquished Creatures
  Pikel (D:6)
  A hippogriff (D:4)
  Sigmund (D:5)
  An ice beast (D:5)
  A centaur (D:5)
  A crocodile (Sewer)
  2 crimson imps
  3 hounds (D:4)
  A jelly (D:5)
  An orc wizard (D:5)
  2 bullfrog skeletons
  A howler monkey zombie (D:5)
  13 adders
  A gnoll (D:1)
  An adder skeleton (D:4)
  A worm (D:3)
  A dart slug (D:2)
  5 leopard geckos
  16 orcs
  3 ball pythons
  6 bats
  3 goblins
  6 hobgoblins
  2 jackals (Sewer)
  18 kobolds
  4 quokkas
  3 frilled lizards
  A leopard gecko skeleton (D:5)
  A quokka zombie (D:5)
  8 rats
109 creatures vanquished.

Vanquished Creatures (others)
  A water moccasin zombie (D:6)
  An orc wizard (D:5)
2 creatures vanquished.

Grand Total: 111 creatures vanquished

Notes
Turn   | Place    | Note
-------+----------+-------------------------------------------
     0 | D:1      | Stepladder the Merfolk Gladiator began the quest for the
                  | Orb.
     0 | D:1      | Reached XP level 1. HP: 16/16 MP: 1/1
   158 | D:1      | Reached XP level 2. HP: 21/23 MP: 2/2
   264 | D:1      | Reached skill level 1 in Stealth
   593 | D:1      | Reached XP level 3. HP: 19/28 MP: 3/3
  1276 | D:2      | Reached XP level 4. HP: 34/34 MP: 4/4
  1385 | D:2      | Found a snail-covered altar of Cheibriados.
  1441 | D:2      | Found an ancient bone altar of Kikubaaqudgha.
  1445 | D:2      | Found a blossoming altar of Fedhas.
  1450 | D:2      | Found a shadowy altar of Dithmenos.
  1981 | D:3      | Found a glowing drain.
  1986 | Sewer    | Entered a sewer
  2045 | Sewer    | Noticed a crocodile
  2074 | Sewer    | Killed a crocodile
  2074 | Sewer    | Reached skill level 5 in Dodging
  2074 | Sewer    | Reached XP level 5. HP: 15/41 MP: 5/5
  2779 | D:3      | Reached XP level 6. HP: 47/48 MP: 6/6
  2993 | D:3      | Found an iron altar of Okawaru.
  3024 | D:3      | Became a worshipper of Warmaster Okawaru
  3107 | D:3      | Noticed a moth of wrath
  3111 | D:3      | Found a bloodstained altar of Trog.
  3546 | D:4      | Found a sacrificial altar of Ru.
  3717 | D:4      | Found a shimmering altar of Xom.
  3971 | D:4      | Reached skill level 6 in Dodging
  4146 | D:5      | Entered Level 5 of the Dungeon
  4147 | D:5      | Noticed an ice beast
  4169 | D:5      | Killed an ice beast
  4169 | D:5      | Reached * piety under Okawaru
  4169 | D:5      | Reached skill level 5 in Long Blades
  4169 | D:5      | Reached XP level 7. HP: 18/55 MP: 7/7
  4397 | D:5      | Noticed Sigmund
  4425 | D:5      | Killed Sigmund
  4804 | D:5      | Reached skill level 5 in Fighting
  4983 | D:5      | Noticed Blork the orc
  5012 | D:5      | Reached skill level 1 in Invocations
  5014 | D:5      | Noticed Blork
  5014 | D:5      | Blork the orc changed into Blork the jelly
  5021 | D:5      | Killed Blork the jelly
  5021 | D:5      | Reached skill level 7 in Dodging
  5021 | D:5      | Reached skill level 5 in Stealth
  5021 | D:5      | Reached XP level 8. HP: 31/62 MP: 8/8
  5274 | D:5      | Noticed a hippogriff
  5289 | D:5      | HP: 3/62 [hippogriff (3)]
  5299 | D:5      | HP: 3/62 [hippogriff (2)]
  5313 | D:5      | HP: 2/62 [hippogriff (4)]
  5370 | D:4      | Killed a hippogriff
  6033 | D:6      | Noticed Pikel
  6073 | D:6      | Killed Pikel
  6073 | D:6      | Reached ** piety under Okawaru
  6073 | D:6      | Reached skill level 8 in Dodging
  6325 | D:6      | Noticed a red ugly thing
  6336 | D:6      | Slain by a red ugly thing

Skill      XL: |  1  2  3  4  5  6  7  8 |
---------------+-------------------------+-----
Stealth        | 1 2 3 4 5 |  5.0
Fighting       | 3 4 5 6 |  6.2
Long Blades    | 4 5 6 |  6.8
Dodging        | 5 6 7 8 |  8.2
Invocations    | 1 3 |  3.5
Throwing       | |  2.0

Action                   |  1- 3 |  4- 6 |  7- 9 || total
-------------------------+-------+-------+-------++-------
Melee: Long sword        |    68 |   215 |   160 ||   443
       Spear             |    11 |       |       ||    11
       Tailslap          |       |     1 |       ||     1
       Punch             |       |       |     1 ||     1
 Fire: Hunting sling     |     7 |       |       ||     7
Throw: Throwing net      |     4 |       |       ||     4
       Stone             |       |     1 |     4 ||     5
       Javelin           |       |       |     1 ||     1
Invok: Heroism           |       |       |     1 ||     1
Evoke: Wand              |       |       |     7 ||     7
  Use: Potion            |     1 |     2 |     1 ||     4
       Scroll            |       |     3 |       ||     3
 Stab: Sleeping          |       |     4 |       ||     4
       Distracted        |       |     1 |       ||     1
  Eat: Chunk             |     1 |    10 |     6 ||    17
Armor: Leather armour    |    20 |       |       ||    20
       Ring mail         |     2 |    54 |    31 ||    87
Dodge: Dodged            |    63 |   182 |   124 ||   369
       Rpst.: Long sword |    17 |    64 |    38 ||   119
